 Dungeon Crawl Stone Soup version 0.28.0-45-g0d030f2227 (webtiles) character file.

Game seed: 13466338621239769998

2948 Ablot the Slicer (level 9, -5/74 HPs)
             Began as a Gnoll Chaos Knight on Apr 11, 2022.
             Was a Plaything of Xom.
             Slain by a yak (9 damage)
             ... on level 7 of the Dungeon.
             The game lasted 00:18:04 (8706 turns).

Ablot the Slicer (Gnoll Chaos Knight)               Turns: 8706, Time: 00:18:04

Health: -5/74      AC:  9    Str: 14      XL:     9   Next: 81%
Magic:  12/15      EV: 13    Int: 10 (11) God:    Xom [....*.]
Gold:   287        SH:  0    Dex: 14      Spells: 13/17 levels left

rFire   . . .      SeeInvis .   q - +2 quarterstaff (chaos)
rCold   . . .      Faith    .   (shield currently unavailable)
rNeg    . . .      Spirit   .   b - +2 leather armour
rPois   .          Reflect  .   n - +1 helmet
rElec   .          Harm     .   v - +0 cloak
rCorr   .          Rampage  .   (no gloves)
Will    .....                   A - +0 pair of boots
Stlth   ++++......              (no amulet)
HPRegen 0.22/turn               (no ring)
MPRegen 0.14/turn               (no ring)

@: lethally poisoned (-5 -> -10), very slightly contaminated, unable to read
A: fangs 1, strong nose, distributed training, thin skeletal structure 1,
deformed body, dopey 1, inability to read while threatened
a: Renounce Religion


You were on level 7 of the Dungeon.
You worshipped Xom.
You were a beloved toy of Xom.
You visited 1 branch of the dungeon, and saw 7 of its levels.
You also visited: Sewer.

You collected 353 gold pieces.
You spent 66 gold pieces at shops.

Inventory:

Hand Weapons
 a - a +0 short sword of chaos
 j - a +3 scimitar of freezing
 o - a +2 spear of venom
 q - a +2 quarterstaff of chaos (weapon)
 t - a +4 dagger
Missiles
 c - 115 sling bullets
 d - 5 poisoned darts (quivered)
 e - 164 stones
 l - 35 bolts
 m - 118 arrows
 u - 3 silver boomerangs
 B - 3 boomerangs
 E - 2 curare-tipped darts
 G - 5 boomerangs of dispersal
Armour
 b - a +2 leather armour (worn)
 n - a +1 helmet (worn)
 v - a +0 cloak (worn)
 A - a +0 pair of boots (worn)
Wands
 p - a wand of flame (18)
 s - a wand of digging (5)
Scrolls
 f - a scroll of vulnerability {unknown}
 g - 2 scrolls of magic mapping {unknown}
 h - 3 scrolls of identify {unknown}
 k - 2 scrolls of noise {unknown}
 r - a scroll of immolation {unknown}
 x - a scroll of fog {unknown}
 y - a scroll of enchant weapon {unknown}
 C - a scroll of teleportation {unknown}
 D - 2 scrolls of fear {unknown}
 H - a scroll of brand weapon {unknown}
 I - a scroll of amnesia {unknown}


   Skills:
 + Level 8.1 Fighting
 + Level 8.1 Short Blades
 + Level 4.6 Long Blades
 + Level 4.6 Axes
 + Level 4.6 Maces & Flails
 + Level 4.6 Polearms
 + Level 4.6 Staves
 + Level 4.6 Slings
 + Level 4.6 Bows
 + Level 4.6 Crossbows
 + Level 4.6 Throwing
 + Level 6.5 Armour
 + Level 5.3 Dodging
 + Level 4.6 Stealth
 + Level 4.6 Shields
 + Level 4.6 Unarmed Combat
 + Level 4.6 Spellcasting
 + Level 3.8 Conjurations
 + Level 3.8 Hexes
 + Level 3.8 Summonings
 + Level 3.8 Necromancy
 + Level 3.8 Translocations
 + Level 3.8 Transmutations
 + Level 3.8 Fire Magic
 + Level 3.8 Ice Magic
 + Level 3.8 Air Magic
 + Level 3.8 Earth Magic
 + Level 3.8 Poison Magic
 + Level 5.0 Invocations
 + Level 4.6 Evocations


You had 13 spell levels left.
You knew the following spells:

 Your Spells              Type           Power      Damage    Failure   Level
a - Sting                 Tmut/Pois      36%        1d4       6%          1
b - Mephitic Cloud        Conj/Pois/Air  9%         N/A       19%         3

Your spell library contained the following spells:

 Spells                   Type           Power      Damage    Failure   Level
 Magic Dart               Conj           36%        1d4       6%          1
 Call Imp                 Summ           9%         N/A       10%         2
 Static Discharge         Conj/Air       9%         N/A       10%         2
 Conjure Flame            Conj/Fire      9%         6-21      19%         3
 Ignite Poison            Fire/Tmut/Pois 9%         N/A       19%         3
 Sticky Flame             Conj/Fire      9%         2d3       52%         4
 Alistair's Intoxication  Tmut/Pois      6%         N/A       86%         5
 Fireball                 Conj/Fire      4%         3d4       86%         5
 Starburst                Conj/Fire      4%         6d4       100%        6
 Ignition                 Fire           4%         3d4       100%        8


Dungeon Overview and Level Annotations

Branches:
Dungeon (7/15)              Sewer (visited)
 Temple: D:4-7

Altars:
Yredelemnul

Shops:
D:1 !

Annotations:
D:6 1 runed translucent door, Zeus21348's ghost, novice DsCj


Innate Abilities, Weirdness & Mutations

You have very sharp teeth.
Your uncanny sense of smell can sniff out nearby items.
Your experience applies equally to all skills.
You have a somewhat thin skeletal structure. (Dex +2, Stealth+)
Armour fits poorly on your strangely shaped body.
You are dopey. (Int -2)
You sometimes lose the ability to read scrolls when taking damage.


Message History

Confirm with . or Enter, or press ? or * to list all spells.
Aiming: Mephitic Cloud (dangerous; 19% risk of failure)
Press: ? - help, Shift-Dir - straight line, f - howler monkey
Aim: a howler monkey (fast, chance to affect: 86%) That beam is likely to hit you.
Continue anyway?
Okay, then.
There is a lethal amount of poison in your body!
Casting: Mephitic Cloud (dangerous; 19% risk of failure)
Confirm with . or Enter, or press ? or * to list all spells.
Okay, then.
You aren't carrying any potions.
Casting: Mephitic Cloud (dangerous; 19% risk of failure)
Confirm with . or Enter, or press ? or * to list all spells.
Aiming: Mephitic Cloud (dangerous; 19% risk of failure)
Press: ? - help, Shift-Dir - straight line, f/p - howler monkey
Aim: a howler monkey (fast, chance to affect: 86%) That beam is likely to hit you.
Continue anyway?
You miscast Mephitic Cloud.
You are very lightly contaminated with residual magic.
Nothing appears to happen.
* * * LOW HITPOINT WARNING * * *
You feel very sick. The howler monkey barely misses you.
Your white imp gestures at the water moccasin.
The puff of frost hits the howler monkey!
Your yak barely misses the steam dragon.
The water moccasin closely misses you. The howler monkey misses you.
Something gores you but does no damage. The howler monkey barely misses you.
Unknown command.
You hit the water moccasin but do no damage.
The water moccasin is severely wounded.
* * * LOW HITPOINT WARNING * * *
You feel sick. The howler monkey barely misses you.
The water moccasin bites you but does no damage.
Your white imp hits the howler monkey.
Your white imp freezes the howler monkey.
The howler monkey hits you but does no damage.
Something gores you!
You die...
Xom cackles wildly!

##.......#
............#
............#
............####
#..........#..##
#....###......#
.##......#....###
............#Sh####
............##@5..#
...........nYh{†..#
#.#.#.#.##.5##..<.#
# ###....∆.###.##
....Y.F.# ###
....##...#
..?D.....#
.........## ..
..###


You could see a yak, a water moccasin (ally target), a necrophage, 2 howler
monkeys, a white imp, a friendly yak (charmed, confused) and a friendly white
imp (summoned).

Vanquished Creatures
  Sigmund (D:2)
  Eustachio (D:6)
  A yak (D:7)
  Menkaure (D:6)
  A floating eye (shapeshifter) (Sewer)
  A sky beast (D:6)
  A black bear (D:3)
  A necrophage (D:5)
  An ogre (D:6)
  A centaur (D:5)
  2 phantoms (D:6)
  2 kobold brigands (Sewer)
  2 scorpions
  A wyvern skeleton (D:6)
  8 wights (D:6)
  A howler monkey (D:7)
  2 vampire bats (D:3)
  A bullfrog zombie (D:6)
  A centaur zombie (D:6)
  A hound (D:6)
  2 jellies
  2 orc priests (D:5)
  Crazy Yiuf (D:6)
  Natasha (thrice) (D:2)
  5 orc wizards
  A howler monkey zombie (D:6)
  Robin (D:2)
  5 adders
  2 river rats (D:6)
  An ufetubus (D:5)
  6 worms
  2 dart slugs
  19 orcs
  11 bats
  10 endoplasms
  3 giant cockroaches
  14 goblins
  9 hobgoblins
  2 jackals (D:3)
  3 quokkas
  5 ball pythons
  6 frilled lizards
  11 kobolds
  9 rats
164 creatures vanquished.

Vanquished Creatures (collateral kills)
  A yak (D:7)
  A jelly (D:5)
  An iguana (D:5)
  An adder (Sewer)
  4 gnolls (D:5)
  2 orcs (D:6)
  A kobold (Sewer)
  A rat (Sewer)
12 creatures vanquished.

Grand Total: 176 creatures vanquished

Notes
Turn   | Place    | Note
-------+----------+-------------------------------------------
     0 | D:1      | Ablot the Gnoll Chaos Knight began the quest for the Orb.
     0 | D:1      | Reached XP level 1. HP: 23/23 MP: 1/1
     5 | D:1      | XOM: silly message
   107 | D:1      | Found Wotecumo's Distillery.
   141 | D:1      | Reached XP level 2. HP: 29/29 MP: 2/2
   320 | D:1      | XOM: silly message
   347 | D:1      | XOM: divination: detect creatures
   458 | D:1      | XOM: silly message
   525 | D:1      | XOM: divination: detect items
   941 | D:1      | Bought a potion of curing for 33 gold pieces
   941 | D:1      | Bought a potion of lignification for 33 gold pieces
  1018 | D:2      | XOM: silly message
  1068 | D:2      | Noticed Sigmund
  1070 | D:2      | XOM: noise
  1073 | D:2      | Reached XP level 3. HP: 24/35 MP: 3/3
  1095 | D:2      | Killed Sigmund
  1096 | D:2      | Reached skill level 1 in Long Blades
  1096 | D:2      | Reached skill level 1 in Axes
  1096 | D:2      | Reached skill level 1 in Maces & Flails
  1096 | D:2      | Reached skill level 1 in Polearms
  1096 | D:2      | Reached skill level 1 in Staves
  1096 | D:2      | Reached skill level 1 in Slings
  1096 | D:2      | Reached skill level 1 in Bows
  1096 | D:2      | Reached skill level 1 in Crossbows
  1096 | D:2      | Reached skill level 1 in Throwing
  1096 | D:2      | Reached skill level 1 in Stealth
  1096 | D:2      | Reached skill level 1 in Shields
  1096 | D:2      | Reached skill level 1 in Unarmed Combat
  1096 | D:2      | Reached skill level 1 in Spellcasting
  1096 | D:2      | Reached skill level 1 in Conjurations
  1096 | D:2      | Reached skill level 1 in Hexes
  1096 | D:2      | Reached skill level 1 in Summonings
  1096 | D:2      | Reached skill level 1 in Necromancy
  1096 | D:2      | Reached skill level 1 in Translocations
  1096 | D:2      | Reached skill level 1 in Transmutations
  1096 | D:2      | Reached skill level 1 in Fire Magic
  1096 | D:2      | Reached skill level 1 in Ice Magic
  1096 | D:2      | Reached skill level 1 in Air Magic
  1096 | D:2      | Reached skill level 1 in Earth Magic
  1096 | D:2      | Reached skill level 1 in Poison Magic
  1096 | D:2      | Reached skill level 1 in Invocations
  1096 | D:2      | Reached skill level 1 in Evocations
  1096 | D:2      | Reached XP level 4. HP: 7/41 MP: 3/6
  1096 | D:2      | Reached XP level 5. HP: 8/47 MP: 3/7
  1297 | D:2      | XOM: noise
  1473 | D:2      | Noticed Natasha
  1475 | D:2      | Noticed Robin
  1491 | D:2      | XOM: potion effect (haste)
  1492 | D:2      | XOM: noise
  1503 | D:2      | Killed Natasha
  1516 | D:2      | Killed Robin
  1517 | D:2      | Reached XP level 6. HP: 36/53 MP: 8/8
  1594 | D:2      | Noticed Natasha
  1603 | D:2      | Killed Natasha
  1706 | D:2      | XOM: summons 1 hostile demon
  1794 | D:2      | Noticed Natasha
  1809 | D:2      | Killed Natasha
  1843 | D:2      | Found a faded altar of an unknown god.
  1898 | D:3      | Reached skill level 5 in Armour
  2137 | D:3      | XOM: polymorph bat -> dart slug
  2222 | D:3      | Noticed a black bear
  2245 | D:3      | XOM: god gift: potion of curing
  2247 | D:3      | Killed a black bear
  2248 | D:3      | Reached XP level 7. HP: 36/59 MP: 10/10
  2473 | D:3      | Found a basalt altar of Yredelemnul.
  2726 | D:3      | XOM: summons 4 hostile demons
  2749 | D:3      | XOM: draining
  3336 | D:3      | XOM: give mutations
  3336 | D:3      | Gained mutation: You sometimes lose the ability to read
                  | scrolls when taking damage. [Xom's mischief]
  3336 | D:3      | Gained mutation: You are dopey. (Int -2) [Xom's mischief]
  3364 | D:4      | XOM: smoke on damage
  4014 | D:4      | XOM: draining
  4345 | D:5      | Entered Level 5 of the Dungeon
  4398 | D:5      | Reached XP level 8. HP: 21/60 MP: 12/12
  4413 | D:5      | Got the Reference Book on Combat Magic and Toxins
  4416 | D:5      | Learned a level 1 spell: Sting
  4479 | D:5      | XOM: 2-stop teleportation journey
  4630 | D:5      | XOM: 5-stop teleportation journey
  4651 | D:5      | XOM: cast spell 'Summon Cactus Giant'
  5043 | D:5      | XOM: god gift: hunting sling {god gift}
  5174 | D:5      | XOM: 4-stop teleportation journey
  5267 | D:5      | XOM: silly message
  5287 | D:5      | XOM: potion effect (might)
  5430 | D:5      | XOM: silly message
  5486 | D:5      | XOM: divination: detect creatures
  5536 | D:5      | XOM: silly message
  5604 | D:5      | XOM: divination: detect items
  5753 | D:5      | XOM: god gift: pair of boots {god gift}
  5996 | D:6      | XOM: stealth player
  6063 | D:6      | XOM: enchant monster (bad)
  6073 | D:6      | XOM: give mutations
  6073 | D:6      | Gained mutation: You have a somewhat thin skeletal
                  | structure. (Dex +2, Stealth+) [Xom's mischief]
  6073 | D:6      | Lost mutation: You are dopey. (Int -2) [Xom's mischief]
  6109 | D:6      | Found a glowing drain.
  6118 | Sewer    | Entered a sewer
  6158 | Sewer    | XOM: god gift: 9 sling bullets
  6187 | Sewer    | Noticed a glowing shapeshifter
  6187 | Sewer    | an adder changed into a glowing shapeshifter
  6187 | Sewer    | a glowing shapeshifter changed into a floating eye
  6243 | Sewer    | XOM: summons friendly white imp
  6498 | Sewer    | XOM: god gift: 5 boomerangs of dispersal
  6735 | D:6      | Found a runed translucent door.
  6735 | D:6      | Noticed Zeus21348's ghost (novice DsCj)
  6801 | D:6      | XOM: cast spell 'Statue Form'
  6806 | D:6      | Reached XP level 9. HP: 72/72 MP: 14/14
  6830 | D:6      | XOM: summons 7 friendly demons
  6869 | D:6      | XOM: god gift: hand axe {god gift}
  7019 | D:6      | Noticed Menkaure
  7025 | D:6      | XOM: fog
  7050 | D:6      | Killed Menkaure
  7068 | D:6      | Learned a level 3 spell: Mephitic Cloud
  7128 | D:6      | XOM: god gift: 52 gold pieces
  7310 | D:6      | Reached skill level 5 in Dodging
  7314 | D:6      | Noticed Eustachio
  7336 | D:6      | XOM: confuse monster(s)
  7348 | D:6      | Killed Eustachio
  7510 | D:6      | XOM: summons 5 hostile demons
  7546 | D:6      | HP: 3/74 [shadow imp/nerve-wracking pain[Xom] (10)]
  7644 | D:6      | XOM: god gift: 17 bolts
  7697 | D:6      | XOM: summons 4 hostile demons
  7934 | D:6      | XOM: give mutation
  7934 | D:6      | Gained mutation: You are robust. (+10% HP) [Xom's mischief]
  8137 | D:6      | Found a runed translucent door.
  8138 | D:6      | Noticed Crazy Yiuf
  8155 | D:6      | Killed Crazy Yiuf
  8164 | D:6      | XOM: give mutations
  8164 | D:6      | Lost mutation: You are robust. (+10% HP) [Xom's mischief]
  8164 | D:6      | Gained mutation: Armour fits poorly on your strangely
                  | shaped body. [Xom's mischief]
  8164 | D:6      | Gained mutation: You are dopey. (Int -2) [Xom's mischief]
  8671 | D:7      | XOM: noise
  8686 | D:7      | XOM: swap monsters
  8688 | D:7      | XOM: enchant monster (good)
  8694 | D:7      | XOM: summons 5 friendly demons
  8695 | D:7      | XOM: swap monsters
  8698 | D:7      | Reached skill level 5 in Invocations
  8704 | D:7      | XOM: enchant monster (bad)
  8706 | D:7      | Slain by a yak

Illustrated notes

Levels and vault maps discovered:
D:1:      giann_wishing_wells, layout_basic, serial_shops, shop,
          minmay_pentomino_u4
D:2:      layout_basic, hellmonk_ecumenical_altar_pennies_from_heaven,
          hangedman_decor_push, uniq_sigmund, uniq_natasha, uniq_robin
D:3:      layout_loops_ring, mainiacjoe_overflow_brackets, roderic_batcave,
          minmay_between
D:4:      layout_cave_pools
D:5:      layout_loops_ring, serial_co_window_serial, co_window_corner_a,
          co_window_paths_a, co_window_corner_a, co_window_paths_b,
          co_window_corner_a, co_window_of_opportunity_b, co_window_broadway_c,
          co_window_broadway_c, co_window_broadway_a,
          co_window_of_opportunity_c, co_window_paths_c, co_window_paths_c,
          glass_columns_b, glass_columns_c, glass_columns_a
D:6:      layout_basic, portal_sewer_entry_b, ebering_ghost_reflecting_pool,
          uniq_menkaure, uniq_eustachio, uniq_crazy_yiuf_cottage
D:7:      layout_cave_pools, minmay_temple_entry_glass, serial_shops,
          shop_fountains

Skill      XL: |  1  2  3  4  5  6  7  8  9 |
---------------+----------------------------+-----
Long Blades    | 1 2 3 4 |  4.6
Axes           | 1 2 3 4 |  4.6
Maces & Flails | 1 2 3 4 |  4.6
Polearms       | 1 2 3 4 |  4.6
Staves         | 1 2 3 4 |  4.6
Slings         | 1 2 3 4 |  4.6
Bows           | 1 2 3 4 |  4.6
Crossbows      | 1 2 3 4 |  4.6
Throwing       | 1 2 3 4 |  4.6
Dodging        | 3 4 5 |  5.3
Stealth        | 1 2 3 4 |  4.6
Shields        | 1 2 3 4 |  4.6
Unarmed Combat | 1 2 3 4 |  4.6
Spellcasting   | 1 2 3 4 |  4.6
Conjurations   | 1 2 3 |  3.8
Hexes          | 1 2 3 |  3.8
Summonings     | 1 2 3 |  3.8
Necromancy     | 1 2 3 |  3.8
Translocations | 1 2 3 |  3.8
Transmutations | 1 2 3 |  3.8
Fire Magic     | 1 2 3 |  3.8
Ice Magic      | 1 2 3 |  3.8
Air Magic      | 1 2 3 |  3.8
Earth Magic    | 1 2 3 |  3.8
Poison Magic   | 1 2 3 |  3.8
Invocations    | 1 2 3 4 5 |  5.0
Evocations     | 1 2 3 4 |  4.6
Armour         | 5 6 |  6.5
Fighting       | 7 8 |  8.1
Short Blades   | 7 8 |  8.1

Action                   |  1- 3 |  4- 6 |  7- 9 || total
-------------------------+-------+-------+-------++-------
Melee: Short sword       |    75 |   155 |   577 ||   807
       Bite              |     5 |    15 |    77 ||    97
       Punch             |       |     4 |    14 ||    18
       Quarterstaff      |       |       |    24 ||    24
Throw: Dart              |     3 |     3 |     1 ||     7
       Boomerang         |       |       |    10 ||    10
  Use: Potion            |       |       |    14 ||    14
       Scroll            |       |       |     1 ||     1
 Stab: Paralysed         |       |     1 |     1 ||     2
       Sleeping          |       |       |     7 ||     7
       Confused          |       |       |     4 ||     4
Armor: Leather armour    |    17 |    62 |   171 ||   250
       Skin              |       |       |    34 ||    34
Dodge: Dodged            |    28 |   105 |   331 ||   464
